 Dungeon Sprint DCSS version 0.22-a0-558-gc224181 (webtiles) character file.

211194 emperorscorpion the Slayer (level 17, -1/171 HPs)
             Began as a Vine Stalker Berserker on June 25, 2018.
             Was the Champion of Trog.
             Slain by Antaeus (33 damage)
             ... in the Dungeon (Sprint IX: "|||||||||||||||||||||||||||||") on June 27, 2018.
             The game lasted 00:38:58 (5293 turns).

emperorscorpion the Slayer (Vine Stalker Berserker) Turns: 5293, Time: 00:38:59

Health: -1/171     AC: 21    Str: 29    XL:     17   Next: 46%
Magic:  0/10       EV: 26    Int: 10    God:    Trog [******]
Gold:   1246       SH: 18    Dex: 23    Spells: 16/16 levels left

rFire    . . .     SeeInvis +   a - +9 rapier of Qeuzel {antimagic, Int+3}
rCold    . . .     Gourm    .   u - +0 shield
rNeg     . . .     Faith    .   G - +0 swamp dragon scales
rPois    +         Spirit   +   T - +2 hat {SInv}
rElec    .         Reflect  .   q - +1 cloak
rCorr    .         Harm     .   W - +1 pair of gloves
MR       ++++.     NoTele   +   H - +0 pair of boots
Stlth    ..........             A - amulet of magic regeneration
HPRegen  2.18/turn              Z - +6 ring of dexterity
MPRegen  0.37/turn              R - +2 ring of slaying

@: berserking, regenerating, very quick
A: fangs 3, regeneration 2, magic shield, antimagic bite, no potion heal 3, rot
immunity
}: 4/15 runes: decaying, serpentine, barnacled, gossamer
a: Berserk, Trog's Hand, Brothers in Arms, Renounce Religion


You were in the Dungeon.
You worshipped Trog.
Trog was exalted by your worship.
You were not hungry.

You visited 1 branch You collected 1936 gold pieces.
You spent 690 gold pieces at shops.

Inventory:

Hand Weapons
 a - the +9 rapier of Qeuzel (weapon) {antimagic, Int+3}
   (Trog gifted it to you in the Dungeon)

   It reduces the magical energy of the wielder, and disrupts the spells and
   magical abilities of those hit.
   Natural abilities and divine invocations are not affected.
   It affects your intelligence (+3).
 b - a +4 quick blade
 o - a +3 antimagic dagger
 p - the +6 dagger "Xibrugiu" {venom, rN+++ Str+3 Dex-5}
   (Trog gifted it to you in the Dungeon)

   It poisons the flesh of those it strikes.
   It affects your strength (+3).
   It affects your dexterity (-5).
   It renders you almost immune to negative energy.
 y - a +2 rapier of electrocution
 K - a +8 short sword of flaming
 S - the +8 short sword "Rahay" {freeze, rN+ MR+}
   (You found it in the Dungeon)

   It has been specially enchanted to freeze those struck by it, causing extra
   injury to most foes and up to half again as much damage against particularly
   susceptible opponents.
   It can also slow down cold-blooded creatures.
   It protects you from negative energy.
   It affects your resistance to hostile enchantments.
Missiles
 e - 5 needles of paralysis
 v - 3 needles of confusion
 J - 13 javelins
 L - 3 throwing nets (quivered)
 N - 25 javelins of returning
 O - 13 javelins of penetration
 Q - 14 silver javelins
Armour
 q - a +1 cloak (worn)
 r - a +0 plate armour
 s - a +0 large shield of poison resistance
 u - a +0 shield (worn)
 G - +0 swamp dragon scales (worn)
 H - a +0 pair of boots (worn)
 P - the +0 chain mail of Somewhere Else {+Fly}
   (You bought it in a shop in the Dungeon)

   It lets you fly.
 T - a +2 hat of see invisible (worn)
 W - a +1 pair of gloves (worn)
 X - a +2 plate armour
Magical Staves
 n - an uncursed staff of energy
Jewellery
 j - an uncursed ring of protection from fire
 A - an amulet of magic regeneration (around neck)
 R - a +2 ring of slaying (right hand)
 U - an uncursed ring of poison resistance
 V - an uncursed ring of fire
 Z - a +6 ring of dexterity (left hand)
Wands
 m - a wand of iceblast (10)
 M - a wand of acid (6)
Scrolls
 i - 3 scrolls of blinking
 l - 6 scrolls of remove curse
 w - a scroll of fear
 B - 6 scrolls of enchant weapon
 C - 6 scrolls of enchant armour
 D - 2 scrolls of identify
 E - a scroll of fog
Potions
 d - 9 potions of curing
 f - a potion of haste
 g - 4 potions of magic
 h - a potion of berserk rage
 k - a potion of invisibility
 t - a potion of cancellation {unknown}
 x - 4 potions of brilliance
 z - 2 potions of might
 F - 3 potions of mutation
 Y - 4 potions of agility
Comestibles
 c - 11 rations


   Skills:
 + Level 23.6 Fighting
 - Level 14.0 Short Blades
 + Level 0.1 Throwing
 + Level 17.0 Armour
 + Level 15.8 Dodging
 * Level 21.3 Stealth
 + Level 21.4 Shields
 * Level 16.8 Evocations


You had 16 spell levels left.
You didn't know any spells.
Your spell library was empty.

Dungeon Overview and Level Annotations

Branches:
Dungeon (1/1)

Altars:
Cheibriados
Dithmenos
Elyvilon
Fedhas
Gozag
Hepliaklqana
Kikubaaqudgha
Makhleb
Nemelex Xobeh
Okawaru
Qazlal
Ru
Sif Muna
Trog
Uskayaw
Vehumet
Wu Jian
Xom
Yredelemnul
Zin
The Shining One
Beogh
Jiyva
Lugonu

Shops:
D [(((

Annotations:
D Antaeus, Mennas


Innate Abilities, Weirdness & Mutations

You have razor-sharp teeth.
You heal very quickly.
When hurt, damage is shared between your health and your magic reserves.
Your bite disrupts and absorbs the magic of your enemies.
Potions cannot restore your health.
You are immune to rotting.


Message History

You puncture Antaeus!
Antaeus's magic leaks into the air.
Your bite misses Antaeus.
Antaeus is lightly wounded.
Antaeus hits you!! Antaeus freezes you!!! Antaeus hits you.
Antaeus freezes you!!
* * * LOW HITPOINT WARNING * * *
You are too injured to fight recklessly!
You are too injured to fight recklessly!
You are too injured to fight recklessly!
You hit Antaeus but do no damage. Your bite misses Antaeus.
Antaeus is lightly wounded.
You hit Antaeus.
Antaeus's magic leaks into the air.
You bite Antaeus!
Antaeus's magic leaks into the air.
You drain his magic.
You feel invigorated.
Antaeus is lightly wounded.
You block the purple draconian's attack.
You hit Antaeus but do no damage. You bite Antaeus.
Antaeus's magic leaks into the air.
You drain his magic.
Antaeus is lightly wounded.
Antaeus hits you!!!
You die...

.▓.▓.▓†▓.▓.▓.▓.▓.♣.♣.▓)▓,*,*,*+*,
.▓=▓.▓.▓.▓.▓.▓'▓.♣.♣.▓)▓,*,*,*,*,
.▓.▓.▓.▓.▓.▓.▓.▓.♣[♣.▓)▓,*,*,*,*,
.▓.▓.▓.▓.▓.▓.▓.▓.♣§♣.▓'▓,*,*,*,*,
.▓'▓.▓.▓.▓.▓.▓.▓.♣p♣.▓.▓,*,*,*,*,
.▓.▓.▓.▓.▓.▓.▓.▓.♣)♣.▓M▓,*,*,*,*,
.▓.▓.▓.▓.▓.▓.▓.▓.♣C♣.▓L▓,*+*,*,*,
.▓.▓.▓.▓.▓.▓.▓.▓.▓p▓.▓.▓,*,*,*,*,
.▓.▓.▓.▓.▓.▓.▓.▓@▓X▓.▓.▓,*,*,*,*,
.▓.▓.▓.▓.▓.▓.▓.▓C▓.▓.▓.▓,*,*,*,*,
.▓.▓.▓.▓.▓.▓.▓.▓d▓.▓.▓.▓,*,*,*+*,
.▓.▓.▓.▓.▓.▓.▓.▓p▓X▓)▓.▓,*,*,*,*,
.▓.▓.▓.▓.▓.▓.▓.▓.▓.▓.▓.▓,*,*,*,*,
...▓...▓...▓...▓.).▓.(.▓,,,*,,,*,
▓▓▓▓▓▓▓▓▓▓▓▓▓▓▓▓▓▓▓▓▓▓▓▓*********


You could see Antaeus, a purple draconian and an ironbrand convoker.

Vanquished Creatures
  An ancient lich (D)
  Saint Roka (D)
  Xtahua (D)
  2 tentacled monstrosities (D)
  Rupert (D)
  2 Orb Guardians (D)
  A deep elf blademaster (D)
  Frances (D)
  Gastronok (D)
  Ilsuiw (D)
  2 shadow dragons (D)
  5 nagarajas (D)
  4 fire giants (D)
  A frost giant (D)
  5 emperor scorpions (D)
  2 vault wardens (D)
  A draconian stormcaller (D)
  3 ironheart preservers (D)
  4 stone giants (D)
  A green draconian (D)
  A red draconian (D)
  A white draconian (D)
  2 merfolk javelineers (D)
  Snorg (D)
  Josephine (D)
  A fire dragon (D)
  3 merfolk impalers (D)
  2 yaktaur captains (D)
  3 great orbs of eyes (D)
  25 vault guards (D)
  Harold (D)
  An ice dragon (D)
  5 hydras (D)
  An alligator (D)
  3 centaur warriors (D)
  2 merfolk aquamancers (D)
  3 ogre magi (D)
  A shock serpent (D)
  A tengu warrior (D)
  A deep troll earth mage (D)
  A deep elf knight (D)
  A shadow wraith (D)
  A skeletal warrior (D)
  2 glowing orange brains (D)
  8 swamp dragons (D)
  A swamp dragon (shapeshifter) (D)
  5 orc knights (D)
  A deep elf archer (D)
  An ugly thing (D)
  A wolf spider (D)
  A cyclops (D)
  5 moths of wrath (D)
  A salamander (D)
  Maurice (D)
  8 elephants (D)
  5 vault sentinels (D)
  A merfolk siren (D)
  A black mamba (D)
  3 naga magi (D)
  4 guardian serpents (D)
  5 spiny frogs (D)
  3 yaktaurs (D)
  A tengu conjurer (D)
  2 demonic crawlers (D)
  A jumping spider (D)
  2 guardian mummies (D)
  3 trolls (D)
  A hornet (D)
  A merfolk (D)
  A bog body (D)
  A snapping turtle (D)
  2 tyrant leeches (D)
  A hippogriff (D)
  2 slime creatures (D)
  A blink frog (D)
  A shadow (D)
  4 redbacks (D)
  A spriggan (shapeshifter) (D)
  4 wraiths (D)
  3 yaks (D)
  2 tarantellas (D)
  2 basilisks (D)
  A human (shapeshifter) (D)
  Grum (D)
  A hungry ghost (D)
  2 vampire mosquitoes (D)
  A warg (D)
  3 nagas (D)
  18 orc warriors (D)
  2 ice beasts (D)
  4 wolves (D)
  A centaur (D)
  2 crocodiles (D)
  A big kobold (D)
  4 bullfrogs (D)
  A scorpion (D)
  A howler monkey (D)
  6 orc priests (D)
  4 orc wizards (D)
  4 worker ants (D)
  A gnoll (D)
  2 adders (D)
  6 orcs (D)
  A bat (D)
  A giant cockroach (D)
  A goblin (D)
  2 frilled lizards (D)
266 creatures vanquished.

Vanquished Creatures (collateral kills)
  Boris (D)
  An Orb Guardian (D)
  A nagaraja (D)
  A fire giant (D)
  An entropy weaver (D)
  A mummy priest (D)
  3 merfolk impalers (D)
  2 merfolk javelineers (D)
  A fire dragon (D)
  An ice dragon (D)
  A merfolk avatar (D)
  3 hydras (D)
  2 ogre magi (D)
  A death knight (D)
  A sea snake (D)
  A salamander mystic (D)
  A harpy (D)
  An orc knight (D)
  An ironbrand convoker (D)
  A manticore (D)
  A vault sentinel (D)
  A spiny frog (D)
  A yaktaur (D)
  A jumping spider (D)
  A hippogriff (D)
  A naga (D)
  2 porcupines (D)
  2 orc warriors (D)
  A boggart (D)
37 creatures vanquished.

Vanquished Creatures (others)
  A naga mage (D)
1 creature vanquished.

Grand Total: 304 creatures vanquished

Notes
Turn   | Place    | Note
-------+----------+-------------------------------------------
     0 | D        | emperorscorpion the Vine Stalker Berserker began the quest for the Orb.
     0 | D        | Reached XP level 1. HP: 11/11 MP: 2/2
    10 | D        | Reached skill level 3 in Fighting
    13 | D        | Reached ** piety under Trog
    13 | D        | Reached XP level 2. HP: 16/17 MP: 1/3
   116 | D        | Noticed a scorpion
   121 | D        | Killed a scorpion
   121 | D        | Reached *** piety under Trog
   121 | D        | Reached skill level 5 in Fighting
   121 | D        | Reached skill level 5 in Short Blades
   121 | D        | Reached XP level 3. HP: 23/23 MP: 2/4
   121 | D        | Gained mutation: Your natural rate of healing is unusually fast. [Vine Stalker growth]
   121 | D        | Reached XP level 4. HP: 27/27 MP: 2/5
   132 | D        | Reached XP level 5. HP: 24/32 MP: 2/6
   140 | D        | Found a roughly hewn altar of Beogh.
   140 | D        | Found a snail-covered altar of Cheibriados.
   140 | D        | Found a shadowy altar of Dithmenos.
   140 | D        | Found a white marble altar of Elyvilon.
   140 | D        | Found a blossoming altar of Fedhas.
   140 | D        | Found an opulent altar of Gozag.
   141 | D        | Found a hazy altar of Hepliaklqana.
   142 | D        | Found a viscous altar of Jiyva.
   143 | D        | Found an ancient bone altar of Kikubaaqudgha.
   144 | D        | Found a corrupted altar of Lugonu.
   145 | D        | Found a burning altar of Makhleb.
   146 | D        | Found a sparkling altar of Nemelex Xobeh.
   147 | D        | Found an iron altar of Okawaru.
   148 | D        | Found a stormy altar of Qazlal.
   149 | D        | Found a sacrificial altar of Ru.
   150 | D        | Found a deep blue altar of Sif Muna.
   151 | D        | Found a bloodstained altar of Trog.
   152 | D        | Found a hide-covered altar of Uskayaw.
   153 | D        | Found a radiant altar of Vehumet.
   154 | D        | Found an ornate altar of the Wu Jian Council.
   155 | D        | Found a shimmering altar of Xom.
   156 | D        | Found a basalt altar of Yredelemnul.
   157 | D        | Found a glowing silver altar of Zin.
   158 | D        | Found a glowing golden altar of the Shining One.
   204 | D        | Noticed a yak
   204 | D        | Noticed a big kobold
   204 | D        | Noticed a hungry ghost
   216 | D        | Killed a hungry ghost
   216 | D        | Reached **** piety under Trog
   216 | D        | Reached skill level 7 in Fighting
   216 | D        | Reached XP level 6. HP: 38/38 MP: 7/7
   226 | D        | Reached ***** piety under Trog
   226 | D        | Reached skill level 8 in Fighting
   233 | D        | Killed a yak
   233 | D        | Reached XP level 7. HP: 38/44 MP: 6/8
   270 | D        | Noticed a tengu warrior
   270 | D        | Noticed a yak
   270 | D        | Noticed a troll
   273 | D        | Reached skill level 9 in Fighting
   273 | D        | Reached skill level 5 in Armour
   289 | D        | Killed a troll
   289 | D        | Received a gift from Trog
   289 | D        | Reached skill level 10 in Short Blades
   289 | D        | Reached skill level 5 in Dodging
   289 | D        | Gained mutation: You have razor-sharp teeth. [Vine Stalker growth]
   289 | D        | Reached XP level 8. HP: 44/50 MP: 9/9
   291 | D        | Killed a yak
   291 | D        | Reached skill level 10 in Fighting
   301 | D        | Killed a tengu warrior
   301 | D        | Reached XP level 9. HP: 51/55 MP: 10/10
   434 | D        | Got the +8 short sword "Rahay" {freeze, rN+ MR+}
   449 | D        | Noticed a six-headed hydra
   449 | D        | Noticed a five-headed hydra
   449 | D        | Noticed a six-headed hydra
   453 | D        | Killed a six-headed hydra
   453 | D        | Reached skill level 11 in Fighting
   455 | D        | Killed a six-headed hydra
   458 | D        | Killed a six-headed hydra
   469 | D        | Noticed a spiny frog
   472 | D        | Received a gift from Trog
   472 | D        | Reached skill level 1 in Stealth
   473 | D        | Killed a spiny frog
   473 | D        | Reached skill level 12 in Fighting
   508 | D        | Reached XP level 10. HP: 55/62 MP: 11/11
   512 | D        | Noticed a spiny frog
   513 | D        | Reached ****** piety under Trog
   516 | D        | Noticed a spiny frog
   523 | D        | Reached skill level 1 in Shields
   538 | D        | Killed a spiny frog
   540 | D        | Killed a spiny frog
   569 | D        | Noticed an elephant
   569 | D        | Noticed an elephant
   569 | D        | Noticed an elephant
   569 | D        | Noticed an elephant
   569 | D        | Noticed an elephant
   569 | D        | Noticed an elephant
   569 | D        | Noticed an elephant
   699 | D        | Killed an elephant
   706 | D        | Killed an elephant
   706 | D        | Received a gift from Trog
   716 | D        | Killed an elephant
   781 | D        | Killed an elephant
   781 | D        | Reached skill level 13 in Fighting
   781 | D        | Reached skill level 10 in Armour
   845 | D        | Killed an elephant
   877 | D        | Killed an elephant
   877 | D        | Reached XP level 11. HP: 66/68 MP: 12/12
   994 | D        | Noticed Grum
  1005 | D        | Received a gift from Trog
  1019 | D        | Killed Grum
  1028 | D        | Got a slimy rapier {god gift}
  1029 | D        | Identified the +9 rapier of Qeuzel {antimagic, Int+3} (Trog gifted it to you in the Dungeon)
  1046 | D        | Noticed Josephine
  1054 | D        | Killed Josephine
  1054 | D        | Reached skill level 5 in Shields
  1064 | D        | Reached skill level 14 in Fighting
  1067 | D        | Received a gift from Trog
  1091 | D        | Noticed Harold
  1099 | D        | Killed Harold
  1111 | D        | Noticed Maurice
  1123 | D        | Killed Maurice
  1217 | D        | Received a gift from Trog
  1229 | D        | Received a gift from Trog
  1353 | D        | Received a gift from Trog
  1465 | D        | Noticed an orc knight
  1474 | D        | Killed an orc knight
  1481 | D        | Received a gift from Trog
  1570 | D        | Found Kiattyst's Weapon Boutique.
  1570 | D        | Noticed an orc knight
  1570 | D        | Noticed an orc knight
  1624 | D        | Killed an orc knight
  1640 | D        | Killed an orc knight
  1669 | D        | Noticed an orc knight
  1679 | D        | Killed an orc knight
  1679 | D        | Reached skill level 15 in Fighting
  1679 | D        | Gained mutation: You heal very quickly. [Vine Stalker growth]
  1679 | D        | Reached XP level 12. HP: 76/76 MP: 9/13
  1714 | D        | Received a gift from Trog
  1730 | D        | Found Mate's Weapon Shop.
  1734 | D        | Found Juenano's Antique Weapon Boutique.
  1738 | D        | Found Xaroi's Antique Armour Shop.
  1776 | D        | Received a gift from Trog
  1841 | D        | Bought a steaming chain mail for 190 gold pieces
  1841 | D        | Bought a warped buckler for 190 gold pieces
  1841 | D        | Bought a glowing scarf for 160 gold pieces
  1851 | D        | Identified the cursed +0 chain mail of Somewhere Else {+Fly} (You bought it in a shop in the Dungeon)
  1861 | D        | Identified the +1 buckler of Beyond {Int+5} (You bought it in a shop in the Dungeon)
  1885 | D        | Bought a shiny buckler for 150 gold pieces
  1966 | D        | Noticed Gastronok
  1980 | D        | Killed Gastronok
  1980 | D        | Received a gift from Trog
  2056 | D        | Upgraded the game from 0.22-a0-553-g9358b0b to 0.22-a0-558-gc224181
  2137 | D        | Noticed a fire giant
  2137 | D        | Noticed an ogre mage
  2145 | D        | Noticed a fire giant
  2154 | D        | Killed an ogre mage
  2154 | D        | Received a gift from Trog
  2161 | D        | Killed a fire giant
  2161 | D        | Reached skill level 16 in Fighting
  2163 | D        | Noticed a centaur warrior
  2165 | D        | Reached skill level 10 in Shields
  2167 | D        | Noticed a fire dragon
  2172 | D        | Killed a fire giant
  2174 | D        | Noticed a great orb of eyes
  2182 | D        | Killed a centaur warrior
  2182 | D        | Received a gift from Trog
  2189 | D        | Killed a fire dragon
  2197 | D        | Killed a great orb of eyes
  2197 | D        | Reached XP level 13. HP: 61/83 MP: 14/14
  2349 | D        | Noticed an entropy weaver
  2356 | D        | Noticed an emperor scorpion
  2364 | D        | Killed an entropy weaver
  2364 | D        | Reached skill level 1 in Evocations
  2368 | D        | Received a gift from Trog
  2383 | D        | Reached skill level 17 in Fighting
  2397 | D        | Reached skill level 15 in Armour
  2411 | D        | Killed an emperor scorpion
  2414 | D        | Received a gift from Trog
  2523 | D        | Received a gift from Trog
  2561 | D        | Noticed a nagaraja
  2562 | D        | Noticed a nagaraja
  2582 | D        | Killed a nagaraja
  2582 | D        | Received a gift from Trog
  2582 | D        | Reached skill level 5 in Evocations
  2618 | D        | Killed a nagaraja
  2618 | D        | Reached skill level 5 in Stealth
  2625 | D        | Received a gift from Trog
  2689 | D        | Noticed a merfolk impaler
  2698 | D        | Reached skill level 18 in Fighting
  2761 | D        | Killed a merfolk impaler
  2767 | D        | Received a gift from Trog
  2822 | D        | Noticed Frances
  2842 | D        | Killed Frances
  2842 | D        | Received a gift from Trog
  2896 | D        | Noticed Saint Roka
  2935 | D        | Killed Saint Roka
  2935 | D        | Reached skill level 10 in Dodging
  2935 | D        | Reached XP level 14. HP: 30/91 MP: 20/20
  2950 | D        | Received a gift from Trog
  3012 | D        | Noticed a stone giant
  3014 | D        | Noticed a fire giant
  3029 | D        | Killed a stone giant
  3032 | D        | Noticed a frost giant
  3033 | D        | Noticed a stone giant
  3044 | D        | Killed a fire giant
  3044 | D        | Received a gift from Trog
  3044 | D        | Reached skill level 10 in Stealth
  3063 | D        | Noticed a fire giant
  3072 | D        | Killed a frost giant
  3078 | D        | Killed a stone giant
  3078 | D        | Received a gift from Trog
  3096 | D        | Killed a fire giant
  3155 | D        | Received a gift from Trog
  3161 | D        | Received a gift from Trog
  3161 | D        | Reached skill level 19 in Fighting
  3206 | D        | Received a gift from Trog
  3206 | D        | Reached skill level 15 in Shields
  3206 | D        | Reached skill level 10 in Evocations
  3219 | D        | Noticed an ironheart preserver
  3223 | D        | Noticed an ironheart preserver
  3236 | D        | Noticed a fire giant
  3239 | D        | Noticed a stone giant
  3254 | D        | Killed an ironheart preserver
  3254 | D        | Received a gift from Trog
  3261 | D        | Killed an ironheart preserver
  3271 | D        | Killed a fire giant
  3271 | D        | Reached XP level 15. HP: 84/97 MP: 7/23
  3275 | D        | Received a gift from Trog
  3283 | D        | Got a polished dagger {god gift}
  3284 | D        | Identified the +6 dagger "Xibrugiu" {venom, rN+++ Str+3 Dex-5} (Trog gifted it to you in the Dungeon)
  3342 | D        | Noticed Boris
  3359 | D        | Killed Boris
  3377 | D        | Noticed Snorg
  3392 | D        | Killed Snorg
  3565 | D        | Noticed Xtahua
  3580 | D        | Killed Xtahua
  3611 | D        | Noticed Rupert
  3643 | D        | Killed Rupert
  3697 | D        | Received a gift from Trog
  3697 | D        | Reached skill level 20 in Fighting
  3748 | D        | Received a gift from Trog
  3753 | D        | Reached skill level 15 in Stealth
  3799 | D        | Got a decaying rune of Zot
  3806 | D        | Noticed an emperor scorpion
  3806 | D        | Noticed an emperor scorpion
  3851 | D        | Killed an emperor scorpion
  3851 | D        | Received a gift from Trog
  3890 | D        | Killed an emperor scorpion
  3926 | D        | Noticed an emperor scorpion
  3940 | D        | Received a gift from Trog
  3956 | D        | Killed an emperor scorpion
  3982 | D        | Noticed an emperor scorpion
  3985 | D        | Got a gossamer rune of Zot
  4016 | D        | Killed an emperor scorpion
  4068 | D        | Noticed a nagaraja
  4073 | D        | Noticed a nagaraja
  4078 | D        | Received a gift from Trog
  4083 | D        | Killed a nagaraja
  4086 | D        | Received a gift from Trog
  4098 | D        | Killed a nagaraja
  4110 | D        | Noticed a nagaraja
  4118 | D        | Noticed a nagaraja
  4125 | D        | Killed a nagaraja
  4125 | D        | Reached XP level 16. HP: 92/105 MP: 8/26
  4132 | D        | Killed a nagaraja
  4132 | D        | Received a gift from Trog
  4132 | D        | Reached skill level 21 in Fighting
  4140 | D        | Got a serpentine rune of Zot
  4160 | D        | Noticed Ilsuiw
  4179 | D        | Killed Ilsuiw
  4179 | D        | Received a gift from Trog
  4207 | D        | Received a gift from Trog
  4222 | D        | Received a gift from Trog
  4229 | D        | Got a barnacled rune of Zot
  4439 | D        | Received a gift from Trog
  4486 | D        | Received a gift from Trog
  4534 | D        | Received a gift from Trog
  4589 | D        | Received a gift from Trog
  4610 | D        | Reached skill level 15 in Evocations
  4697 | D        | Noticed a tentacled monstrosity
  4709 | D        | Reached skill level 22 in Fighting
  4732 | D        | Received a gift from Trog
  4745 | D        | Noticed a shadow dragon
  4748 | D        | Killed a tentacled monstrosity
  4760 | D        | Reached skill level 15 in Dodging
  4761 | D        | Noticed a shadow dragon
  4776 | D        | Killed a shadow dragon
  4776 | D        | Received a gift from Trog
  4812 | D        | Killed a shadow dragon
  4812 | D        | Reached XP level 17. HP: 109/113 MP: 9/29
  4880 | D        | Noticed an Orb Guardian
  4881 | D        | Noticed an ancient lich
  4900 | D        | Killed an Orb Guardian
  4900 | D        | Received a gift from Trog
  4904 | D        | Killed an ancient lich
  4904 | D        | Reached skill level 23 in Fighting
  4936 | D        | Noticed a deep elf blademaster
  4975 | D        | Received a gift from Trog
  4982 | D        | Killed a deep elf blademaster
  4997 | D        | Noticed an Orb Guardian
  4998 | D        | Noticed Mennas
  5018 | D        | Killed an Orb Guardian
  5258 | D        | Noticed Antaeus
  5258 | D        | Noticed a tentacled monstrosity
  5258 | D        | Noticed an Orb Guardian
  5279 | D        | Killed an Orb Guardian
  5288 | D        | Killed a tentacled monstrosity
  5293 | D        | Slain by Antaeus

Vault maps used:
D:        linesprint

Skill      XL: |  1  2  3  4  5  6  7  8  9 10 11 12 13 14 15 16 17 |
---------------+----------------------------------------------------+-----
Fighting       | 3 5 7 8 9 10 12 13 15 16 18 19 20 22 23 | 23.6
Short Blades   | 3 5 6 7 9 10 11 13 14 | 14.0
Dodging        | 2 3 4 5 6 7 10 12 13 15 | 15.8
Armour         | 2 3 4 5 6 8 10 12 14 15 16 17 | 17.0
Stealth        | 1 2 3 9 13 16 20 21 | 21.3
Shields        | 3 8 10 13 15 17 20 21 | 21.4
Evocations     | 7 10 13 15 16 | 16.8
Throwing       | |  0.1

Action                   |  1- 3 |  4- 6 |  7- 9 | 10-12 | 13-15 | 16-18 || total
-------------------------+-------+-------+-------+-------+-------+-------++-------
Melee: Short sword       |    17 |    10 |       |    10 |       |       ||    37
       Bite              |     3 |     9 |    15 |   174 |   393 |   267 ||   861
       Rapier            |       |    25 |    41 |   251 |   316 |   449 ||  1082
       Quick blade       |       |       |       |    88 |   376 |       ||   464
Throw: Throwing net      |       |       |       |       |       |     1 ||     1
Invok: Berserk           |     2 |     1 |     1 |     5 |    10 |     2 ||    21
       Trog's Hand       |       |     1 |     1 |     2 |    10 |     6 ||    20
       Brothers in Arms  |       |       |     1 |     1 |    12 |     5 ||    19
  Use: Scroll            |       |       |       |     1 |     2 |       ||     3
       Potion            |       |       |       |       |     1 |       ||     1
 Stab: Sleeping          |       |       |       |       |     2 |     2 ||     4
       Held in net/web   |       |       |       |       |       |     2 ||     2
       Distracted        |       |       |       |       |       |     1 ||     1
  Eat: Chunk             |       |       |     5 |    10 |    26 |     8 ||    49
       Ration            |       |       |       |       |       |     1 ||     1
Armor: Animal skin       |     3 |     2 |       |       |       |       ||     5
       Plate armour      |       |    10 |    16 |    49 |       |       ||    75
       Chain mail        |       |       |       |     7 |       |       ||     7
       Swamp dragon scal |       |       |       |       |    94 |    41 ||   135
Dodge: Dodged            |     8 |    10 |    11 |    41 |   224 |   100 ||   394
Block: Shield            |       |       |     7 |    60 |   257 |   129 ||   453

Table legend:
 A = Spawn XP
 B = Non-spawn XP
 C = Spawn XP percentage of total XP
 D = Spawn monster count
 E = Non-spawn monster count
 F = Spawn count percentage of total count
 G = Total turns spent on level
                    A         B        C        D         E        F      G
               +---------+---------+-------+---------+---------+-------+---------
         Total |       0 |  210278 |   0.0 |       0 |     304 |   0.0 |  5293
               +---------+---------+-------+---------+---------+-------+---------
             D |       0 |  210278 |   0.0 |       0 |     304 |   0.0 |  5293
               +---------+---------+-------+---------+---------+-------+---------
